 Dungeon Crawl Stone Soup version 0.17.1-2-g5865329 (webtiles) character file.

59980 Chiseanne the Blocker (level 14, -4/121 HPs)
             Began as a Centaur Air Elementalist on Jan 19, 2016.
             Was an Initiate of Gozag.
             Killed from afar by Azrael (40 damage)
             ... with a blast of hellfire
             ... on level 15 of the Dungeon on Jan 20, 2016.
             The game lasted 02:18:20 (39370 turns).

Chiseanne the Blocker (Centaur Air Elementalist)   Turns: 39370, Time: 02:18:20

Health: -4/121     AC: 26    Str: 12    XL:     14   Next: 55%
Magic:  0/28       EV:  6    Int: 22    God:    Gozag
Gold:   662        SH: 19    Dex: 13    Spells: 6 memorised, 15 levels left

rFire  + . .     SeeInvis +     a - +6 falchion (flame)
rCold  + . .     Clarity  .     Y - +2 troll leather armour {rC+}
rNeg   . . .     SustAt   .     M - +2 large shield {AC+3}
rPois  .         Gourm    .     I - +2 helmet
rElec  .         Spirit   +     K - +2 cloak {MR+}
rCorr  .         Warding  .     j - +1 pair of gloves {Dex+3}
rMut   .         Stasis   .     d - +2 centaur barding
MR     ++++.                    h - amulet "Erurph" {Spirit MR+ Int+4}
Stlth  +.........               b - ring of protection from fire
                                D - ring of Came {MR+ SInv}

@: repel missiles, very quick, incredibly resistant to hostile enchantments,
very unstealthy
A: hooves 3, deformed body, speed 2, tough skin 3
a: Potion Petition, Call Merchant, Bribe Branch, Renounce Religion


You were on level 15 of the Dungeon.
You worshipped Gozag.
Gozag was noncommittal.
You were full.

You visited 4 branches of the dungeon, and saw 24 of its levels.
You also visited: Labyrinth, Sewer and Ice Cave.

You collected 6941 gold pieces.
You spent 2905 gold pieces at shops.
You paid 3374 gold pieces to Gozag.

Inventory:

Hand Weapons
 a - a +6 falchion of flaming (weapon)
Missiles
 e - 15 bolts
 r - 5 throwing nets (quivered)
Armour
 d - a +2 centaur barding (worn)
 j - a +1 pair of gloves of dexterity (worn)
 I - a +2 helmet (worn)
 K - a +2 cloak of magic resistance (worn)
 M - a +2 large shield of protection (worn)
 Y - a +2 troll leather armour of cold resistance (worn)
Magical Staves
 x - an uncursed staff of poison
 y - an uncursed staff of wizardry
Jewellery
 b - a ring of protection from fire (right hand)
 h - the amulet "Erurph" (around neck) {Spirit MR+ Int+4}
   (You bought it in a shop on level 4 of the Orcish Mines)

   [amulet of guardian spirit]

   It causes incoming damage to be split between your health and magic.
   It affects your intelligence (+4).
   It affects your resistance to hostile enchantments.
 m - a +5 ring of evasion
 D - the ring of Came (left hand) {MR+ SInv}
   (You bought it in a shop on level 13 of the Dungeon)

   [ring of see invisible]

   It affects your resistance to hostile enchantments.
   It lets you see invisible.
Wands
 i - a wand of digging (1)
 t - a wand of teleportation (1)
 A - a wand of disintegration (1)
 O - a wand of invisibility (2)
Scrolls
 f - 2 scrolls of fear
 g - 8 scrolls of teleportation
 q - 12 scrolls of remove curse
 v - 4 scrolls of recharging
 S - 2 scrolls of magic mapping
 T - 5 scrolls of blinking
Potions
 c - a potion of berserk rage
 k - a potion of degeneration {unknown}
 l - 2 potions of flight
 n - a potion of ambrosia {unknown}
 u - a potion of lignification {unknown}
 w - 3 potions of heal wounds
 E - 13 potions of curing
 J - a potion of magic
 N - a potion of haste
 Q - a potion of cancellation
Comestibles
 p - 2 beef jerkies
 P - 7 meat rations
 R - 9 bread rations


   Skills:
 - Level 10.0 Fighting
 - Level 4.2 Armour
 - Level 1.3 Dodging
 - Level 1.2 Stealth
 + Level 12.0 Shields
 - Level 10.7 Spellcasting
 - Level 7.1 Conjurations
 - Level 7.7 Air Magic


You had 15 spell levels left.
You knew the following spells:

 Your Spells              Type           Power        Failure   Level  Hunger
a - Shock                 Conj/Air       ####         1%          1    None
b - Airstrike             Air            #####.....   8%          4    #......
c - Static Discharge      Conj/Air       #####...     1%          3    None
d - Lightning Bolt        Conj/Air       #####.....   21%         5    ####...
e - Summon Lightning Spi  Summ/Air       ####....     28%         4    #......
f - Repel Missiles        Chrm/Air       ####..       4%          2    None


Dungeon Overview and Level Annotations

Branches:
Dungeon (15/15)            Temple (1/1) D:7            Lair (4/8) D:11
  Snake (0/4) Lair:3          Orc (4/4) D:12            Elf (0/3) Orc:3
 Vaults (0/5) D:13         Depths (0/5) D:15
  Swamp: Lair:3-6    Shoals: Lair:3-6

Altars:
Ashenzari
Cheibriados
Dithmenos
Elyvilon
Fedhas
Gozag
Kikubaaqudgha
Makhleb
Nemelex Xobeh
Okawaru
Qazlal
Ru
Sif Muna
Trog
Vehumet
Xom
Yredelemnul
Zin
The Shining One

Shops:
D:7 *   D:10 [   D:13 =   Orc:1 :   Orc:3 [   Orc:4 =:}}

Annotations:
D:9 namelastname112's ghost, novice KoHu
D:15 Azrael


Innate Abilities, Weirdness & Mutations

You have hooves in place of feet.
Armour fits poorly on your strangely shaped body.
You cover ground very quickly.
You have extremely tough skin (AC +3).


Message History

Azrael is almost dead.
You block Azrael's attack.
You hit Azrael.
Azrael is almost dead.
Azrael gestures at you.
The fireball explodes!
The fireball engulfs you! You resist.
The fireball engulfs Azrael.
Azrael completely resists.
You hit Azrael but do no damage.
Azrael is almost dead.
Azrael hits you but does no damage.
You hit Azrael but do no damage.
Azrael is almost dead.
Azrael hits you with a scimitar of flaming!
Azrael burns you.
* * * LOW HITPOINT WARNING * * *
Azrael whirls about in circles.
Azrael gestures at you.
The hellfire explodes!
The blast of hellfire engulfs you!
You die...
Your body crumbles into a pile of gold.

...#..#.# #....#.............#)
...####/# #....#...[.........#.
........# #....##''#########.#.
........# #................###.
........# ###....................
).......###......................
####.............................
...+....................§E§......
...#..######....@R...............
...#.##.#..#.####................
...#.#.....###..##...............
...'.#......#....##.####.........
...#.#............'.# ######....
####.#[.....#...∩##.# #....
.....####.####..##..# #....
......##...######...# #....
.....##.....##......# #....


You could see Azrael.

Vanquished Creatures
  Nessos (D:15)
  Erolcha (D:8)
  A vault guard (D:13)
  A minotaur (Lab)
  Josephine (Orc:2)
  Fannar (D:12)
  Harold (Orc:3)
  A hydra (Lair:4)
  A catoblepas (D:15)
  3 centaur warriors
  3 tengu warriors (D:13)
  3 orc high priests
  Nergalle (D:11)
  3 unseen horrors
  3 ice devils (IceCv)
  5 hill giants
  A giant orange brain (D:15)
  5 ugly things
  A wolf spider zombie (D:14)
  2 manticores (D:13)
  4 orc knights (Orc:4)
  3 cyclopes
  4 orc sorcerers (Orc:4)
  A black mamba (Lair:4)
  2 ice statues (IceCv)
  A spiny frog (Lair:2)
  A gargoyle (D:15)
  4 centaur skeletons
  2 komodo dragons
  A tengu conjurer (D:13)
  2 freezing wraiths
  5 trolls
  A wolf spider simulacrum (D:15)
  6 blue devils (IceCv)
  Grinder (D:6)
  2 two-headed ogres
  A two-headed ogre (shapeshifter) (D:15)
  10 slime creatures
  A vampire (D:14)
  Sigmund (D:5)
  4 wraiths
  3 wyverns
  13 yaks (Lair:1)
  A trapdoor spider (D:14)
  4 fire elementals (D:15)
  3 deep elf magi
  A shadow (D:13)
  3 hippogriffs
  A deep elf fighter (D:12)
  4 basilisks
  A steam dragon (Lair:2)
  6 wolves (Lair:1)
  2 hungry ghosts
  7 water moccasins
  2 porcupines
  2 wargs
  2 wasps
  4 hell hounds (D:15)
  Purgy (Sewer)
  A swamp drake (shapeshifter) (D:15)
  6 sky beasts
  2 black bears
  An eye of draining (D:13)
  5 ice beasts
  8 ogres
  20 orc warriors
  6 centaurs
  A big kobold (D:9)
  4 crocodiles
  17 giant frogs
  A wyvern zombie (D:11)
  3 scorpions
  A wyvern skeleton (D:11)
  5 killer bees (D:10)
  4 jellies
  13 wights
  6 crimson imps
  A giant frog zombie (D:12)
  6 hounds
  6 centaur zombies
  Crazy Yiuf (D:5)
  29 orc priests
  12 iguanas
  5 giant frog skeletons
  34 orc wizards
  11 worker ants
  10 sheep
  A hound zombie (D:8)
  2 hound skeletons
  A worker ant zombie (D:11)
  10 adders
  12 gnolls
  16 river rats
  5 shadow imps
  9 white imps (IceCv)
  6 ufetubi (IceCv)
  2 oozes
  An adder zombie (D:5)
  3 worms
  2 adder skeletons
  6 giant geckos
  185 orcs
  8 bats
  9 hobgoblins
  7 jackals
  7 quokkas
  6 ball pythons
  3 giant cockroaches
  A giant gecko zombie (D:8)
  12 giant newts
  6 goblins
  A jackal zombie (D:7)
  7 kobolds
  A quokka skeleton (D:5)
  A quokka zombie (D:5)
  11 rats
  4 fungi
  6 plants
726 creatures vanquished.

Vanquished Creatures (collateral kills)
  Rupert (D:15)
  A hydra (D:15)
  3 oklob plants (Lair:3)
  2 ugly things (D:15)
  A wind drake (shapeshifter) (D:15)
  A wyvern (D:15)
  An orc warrior (D:15)
  8 ice beasts (D:15)
  A crimson imp (D:15)
  An iguana (Lair:3)
  11 plants (Lair:3)
31 creatures vanquished.

Vanquished Creatures (others)
  A centaur skeleton (D:15)
  An orc wizard (D:15)
  2 white imps (IceCv)
  2 orcs
  5 plants (D:11)
11 creatures vanquished.

Grand Total: 768 creatures vanquished

Notes
Turn   | Place    | Note
--------------------------------------------------------------
     0 | D:1      | Chiseanne the Centaur Air Elementalist began the quest for the Orb.
     0 | D:1      | Reached XP level 1. HP: 14/14 MP: 3/3
   358 | D:1      | Reached skill level 1 in Fighting
   559 | D:1      | Reached XP level 2. HP: 22/24 MP: 4/4
  1191 | D:2      | Reached XP level 3. HP: 21/30 MP: 5/5
  1476 | D:2      | Reached skill level 1 in Armour
  1704 | D:2      | Found a sparkling altar of Nemelex Xobeh.
  1833 | D:2      | Found an iron altar of Okawaru.
  1833 | D:2      | Found a bloodstained altar of Trog.
  2005 | D:3      | Reached XP level 4. HP: 35/37 MP: 6/6
  2033 | D:3      | Reached skill level 3 in Fighting
  3192 | D:4      | Reached XP level 5. HP: 43/45 MP: 7/7
  3446 | D:5      | Entered Level 5 of the Dungeon
  3451 | D:5      | Noticed an ogre
  3456 | D:5      | Killed an ogre
  3456 | D:5      | Reached skill level 4 in Fighting
  3557 | D:5      | Found a glowing drain.
  3563 | D:5      | Reached XP level 6. HP: 52/52 MP: 8/8
  3595 | Sewer    | Entered a sewer
  3690 | Sewer    | Noticed Purgy
  3708 | Sewer    | Killed Purgy
  4178 | D:5      | Reached skill level 5 in Fighting
  4191 | D:5      | Learned a level 2 spell: Repel Missiles
  4232 | D:5      | Learned a level 3 spell: Static Discharge
  4274 | D:5      | Noticed Crazy Yiuf
  4294 | D:5      | Killed Crazy Yiuf
  4510 | D:5      | Reached XP level 7. HP: 32/61 MP: 9/9
  4974 | D:5      | Noticed Sigmund
  5000 | D:5      | Killed Sigmund
  5000 | D:5      | Reached skill level 6 in Fighting
  5520 | D:6      | Found a glowing silver altar of Zin.
  5531 | D:6      | Found a shattered altar of Ashenzari.
  5547 | D:6      | Noticed Grinder
  5575 | D:6      | Killed Grinder
  5575 | D:6      | Reached XP level 8. HP: 68/71 MP: 7/12
  5684 | D:6      | Reached skill level 7 in Fighting
  6803 | D:7      | Reached skill level 8 in Fighting
  6829 | D:7      | Reached XP level 9. HP: 48/81 MP: 14/16
  7036 | D:7      | Found a staircase to the Ecumenical Temple.
  7037 | D:7      | Found an opulent altar of Gozag.
  7049 | Temple   | Entered the Ecumenical Temple
  7062 | D:7      | Found Gozag's Platinum Reserve.
  7066 | D:7      | Became a worshipper of Gozag Ym Sagoz the Greedy
  7617 | D:7      | Found a sacrificial altar of Ru.
  7704 | D:7      | Found a white marble altar of Elyvilon.
  7774 | D:7      | Found a deep blue altar of Sif Muna.
  7803 | D:7      | Reached skill level 5 in Spellcasting
  8251 | D:8      | Reached skill level 9 in Fighting
  8746 | D:8      | Noticed Erolcha
  8773 | D:8      | Killed Erolcha
  8773 | D:8      | Reached skill level 10 in Fighting
  9159 | D:8      | Learned a level 4 spell: Airstrike
  9437 | D:9      | Reached skill level 1 in Conjurations
  9437 | D:9      | Reached XP level 10. HP: 79/93 MP: 1/19
  9813 | D:9      | Noticed namelastname112's ghost (novice KoHu)
 10727 | D:10     | Entered Level 10 of the Dungeon
 11125 | D:10     | Bought a +0 pair of gloves of dexterity for 126 gold pieces
 11706 | D:10     | Noticed a hill giant
 11723 | D:10     | Killed a hill giant
 12426 | D:11     | Reached skill level 5 in Air Magic
 12617 | D:11     | Noticed a hill giant
 12639 | D:11     | Killed a hill giant
 12639 | D:11     | Reached XP level 11. HP: 41/99 MP: 6/23
 13524 | D:11     | Found a staircase to the Lair.
 13827 | D:11     | Noticed Nergalle
 13860 | D:11     | Killed Nergalle
 13985 | D:11     | Paralysed by a wasp for 2 turns
 14294 | D:11     | Noticed a hill giant
 14304 | D:11     | Killed a hill giant
 14698 | D:12     | Noticed a hill giant
 15212 | D:12     | Reached skill level 5 in Conjurations
 15355 | D:12     | Found a staircase to the Orcish Mines.
 15424 | D:12     | Killed an unseen horror
 15701 | D:12     | Noticed Fannar
 15725 | D:12     | Killed Fannar
 16475 | D:12     | Killed a hill giant
 17015 | D:13     | Found Medogiz's Jewellery Emporium.
 17372 | D:13     | Learned a level 5 spell: Lightning Bolt
 17377 | D:13     | Learned a level 4 spell: Summon Lightning Spire
 17692 | D:13     | Reached skill level 10 in Spellcasting
 17840 | D:12     | Noticed a hill giant
 17886 | D:12     | Killed a hill giant
 17886 | D:12     | Reached XP level 12. HP: 58/106 MP: 19/26
 18384 | D:13     | Bought a cursed ring of loudness for 63 gold pieces
 18415 | D:13     | Killed an unseen horror
 19017 | D:13     | Noticed a tengu warrior
 19192 | D:13     | Noticed a tengu warrior
 19205 | D:13     | Noticed a tengu warrior
 19209 | D:13     | Killed a tengu warrior
 19209 | D:13     | Killed a tengu warrior
 19663 | D:13     | Killed a tengu warrior
 20086 | D:13     | Reached skill level 1 in Shields
 20620 | D:13     | Noticed a centaur warrior
 20629 | D:13     | Killed a centaur warrior
 21053 | D:13     | Noticed a vault guard
 21072 | D:13     | Killed a vault guard
 21366 | D:13     | Found a gate to the Vaults.
 21369 | D:13     | Noticed a fire dragon
 21417 | D:13     | Noticed a centaur warrior
 21424 | D:13     | Killed a centaur warrior
 21811 | D:13     | Bought the ring of Came {MR+ SInv} for 386 gold pieces
 21999 | Orc:1    | Entered Level 1 of the Orcish Mines
 21999 | Orc:1    | Found Fiseniem's Book Shoppe.
 22323 | Orc:1    | Reached skill level 5 in Shields
 23704 | Orc:2    | Noticed Josephine
 23807 | Orc:2    | Killed Josephine
 23807 | Orc:2    | Reached XP level 13. HP: 72/113 MP: 5/27
 24684 | Orc:3    | Found a staircase to the Elven Halls.
 24688 | Orc:3    | Noticed Harold
 24703 | Orc:3    | Killed Harold
 24769 | Orc:3    | Found Torphegh's Antique Armour Shoppe.
 24777 | Orc:3    | Bought a shiny helmet for 171 gold pieces
 24790 | Orc:3    | Bought a runed large shield for 171 gold pieces
 25315 | Orc:4    | Entered Level 4 of the Orcish Mines
 27468 | Orc:4    | Found Couhuuf's Gadget Emporium.
 27468 | Orc:4    | Found Mushre's Jewellery Boutique.
 27470 | Orc:4    | Found Fysir's Gadget Emporium.
 27470 | Orc:4    | Found Xicwor's Book Boutique.
 27482 | Orc:4    | Bought the amulet "Erurph" {Spirit MR+ Int+4} for 816 gold pieces
 27487 | Orc:4    | Bought a cursed -5 ring of strength for 32 gold pieces
 27487 | Orc:4    | Bought a +1 ring of slaying for 96 gold pieces
 27810 | Lair:1   | Entered Level 1 of the Lair of Beasts
 28467 | Lair:1   | Bought a meat ration for 65 gold pieces
 28467 | Lair:1   | Bought a meat ration for 65 gold pieces
 28467 | Lair:1   | Bought a bread ration for 65 gold pieces
 28467 | Lair:1   | Bought a bread ration for 65 gold pieces
 28467 | Lair:1   | Bought a slice of pizza for 19 gold pieces
 28467 | Lair:1   | Bought a meat ration for 65 gold pieces
 28467 | Lair:1   | Bought a beef jerky for 19 gold pieces
 28467 | Lair:1   | Bought a bread ration for 65 gold pieces
 28467 | Lair:1   | Bought a meat ration for 65 gold pieces
 28467 | Lair:1   | Bought a bread ration for 65 gold pieces
 29147 | Lair:2   | Found a labyrinth entrance.
 29198 | Lab      | Entered a labyrinth
 29464 | Lab      | Got a faintly glowing jade amulet
 30167 | Lair:2   | Identified the amulet of Xetaell {Stasis +Inv rF- rN+ Dex+4} (You found it in a labyrinth)
 30806 | Lair:3   | Found a staircase to the Snake Pit.
 33766 | D:13     | Reached skill level 10 in Shields
 34454 | D:15     | Entered Level 15 of the Dungeon
 34482 | D:15     | Noticed Rupert
 34489 | D:15     | Killed Rupert
 34505 | D:15     | Found a frozen archway.
 34509 | D:15     | Reached XP level 14. HP: 121/121 MP: 28/28
 34539 | IceCv    | Entered an ice cave
 36531 | D:15     | Reached skill level 11 in Shields
 37027 | D:15     | Found a staircase to the Depths.
 37353 | D:15     | Noticed Nessos
 37376 | D:15     | Killed Nessos
 37658 | D:15     | Noticed Azrael
 39157 | D:15     | Reached skill level 12 in Shields
 39196 | D:15     | Bought a meat ration for 65 gold pieces
 39196 | D:15     | Bought a slice of pizza for 19 gold pieces
 39196 | D:15     | Bought a bread ration for 65 gold pieces
 39196 | D:15     | Bought a bread ration for 65 gold pieces
 39196 | D:15     | Bought a meat ration for 65 gold pieces
 39196 | D:15     | Bought a meat ration for 65 gold pieces
 39196 | D:15     | Bought a beef jerky for 19 gold pieces
 39196 | D:15     | Bought 2 fruits for 39 gold pieces
 39196 | D:15     | Bought a bread ration for 65 gold pieces
 39196 | D:15     | Bought a beef jerky for 19 gold pieces
 39370 | D:15     | Killed from afar by Azrael

Action                   |  1- 3 |  4- 6 |  7- 9 | 10-12 | 13-15 || total
-------------------------+-------+-------+-------+-------+-------++-------
Melee: Short sword       |   100 |    53 |       |       |       ||   153
       Unarmed           |     6 |       |       |       |       ||     6
       Falchion          |       |   105 |   388 |   499 |   728 ||  1720
       Staff             |       |       |     2 |       |       ||     2
Throw: Tomahawk          |       |     4 |     2 |     3 |       ||     9
 Cast: Shock             |     5 |     3 |    58 |   418 |   369 ||   853
       Repel Missiles    |       |     1 |       |     1 |     2 ||     4
       Static Discharge  |       |       |    37 |   242 |   356 ||   635
       Lightning Bolt    |       |       |       |     4 |       ||     4
Invok: Call Merchant     |       |       |       |     2 |     2 ||     4
Evoke: Wand              |       |     2 |       |    15 |    17 ||    34
       Box of beasts     |       |       |       |       |    27 ||    27
  Use: Scroll            |     7 |     7 |     5 |    14 |    17 ||    50
       Potion            |       |     3 |     2 |     2 |     5 ||    12
 Stab: Distracted        |       |       |     1 |     2 |     3 ||     6
       Paralysed         |       |       |       |     9 |       ||     9
       Invisible         |       |       |       |       |     2 ||     2
  Eat: Chunk             |     2 |    21 |    10 |       |       ||    33
       Bread ration      |       |       |       |     5 |     1 ||     6
       Pizza             |       |       |       |     2 |     3 ||     5
       Beef jerky        |       |       |       |     1 |     3 ||     4
       Meat ration       |       |       |       |     5 |     2 ||     7
       Fruit             |       |       |       |       |    28 ||    28
       Royal jelly       |       |       |       |       |     1 ||     1
